Map: Thunderbird LE

Players

Denver - Winner!

  • Race: Zerg Zerg
  • Spawn Location: 5:00

hinO

  • Race: Zerg Zerg
  • Spawn Location: 11:00

Event: 2019 WCS Summer

VOD

Have the link to the VOD?

Description

Time

  • Played on: July 12, 2019, 10 a.m.
  • Length: 16:11

All games in this series

Show
View Real Time Build Order
Export as new Build Order

Denver Zerg - Winner!

Build Orders: Hatch First 

Get SALT Encoding   

  12  0:01  Drone  
  13  0:12  Overlord  
  13  0:17  Drone  
  14  0:31  Drone x2  
  16  0:47  Hatchery  
  15  0:51  Drone  
  15  0:54  Drone  
  17  0:57  Drone  
  18  1:08  Extractor  
  17  1:13  Spawning Pool  
  17  1:16  Drone  
  17  1:20  Drone  
  18  1:27  Drone  
  19  1:38  Drone  
  20  1:49  Drone  
  21  2:00  Queen x2, Overlord  
  25  2:01  Zergling x2  
  26  2:09  Metabolic Boost  
  26  2:11  Drone  
  26  2:12  Drone  
  28  2:21  Drone x2  
  30  2:34  Hatchery  
  30  2:36  Drone  
  30  2:38  Drone  
  30  2:43  Drone  
  32  2:45  Overlord  
  32  2:54  Zergling x2  
  32  2:55  Zergling x2  
  34  2:59  Baneling Nest  
  34  3:04  Drone  
  34  3:06  Drone  
  34  3:07  Drone  
  34  3:08  Drone x3  
  34  3:10  Drone  
  40  3:16  Overlord  
  40  3:18  Zergling x2  
  41  3:25  Queen  
  43  3:28  Zergling x2  
  43  3:30  Overlord  
  43  3:35  Evolution Chamber  
  43  3:37  Drone  
  43  3:42  Drone  
  43  3:43  Drone x3  
  43  3:48  Overlord  
  47  3:50  Baneling x2  
  47  3:51  Drone  
  47  3:54  Drone x2  
  50  3:57  Overlord  
  50  3:58  Drone  
  51  4:03  Zerg Missile Weapons Level 1  
  51  4:05  Extractor  
  51  4:06  Drone  
  51  4:07  Drone x2  
  53  4:12  Drone  
  53  4:13  Drone x2  
  53  4:16  Drone x2  
  59  4:17  Drone  
  59  4:18  Drone  
  59  4:21  Drone x2  
  61  4:26  Roach Warren  
  61  4:28  Drone x2  
  62  4:32  Lair  
  62  4:37  Drone x3  
  65  4:40  Drone  
  65  4:41  Extractor  
  65  4:43  Drone x3  
  65  4:44  Drone  
  69  4:49  Drone x4  
  72  4:53  Overlord  
  72  4:58  Overlord  
  72  5:01  Overlord  
  72  5:05  Overlord  
  72  5:06  Overlord  
  72  5:11  Roach x4  
  80  5:15  Extractor x2  
  80  5:17  Roach x5  
  88  5:25  Roach x4  
  88  5:27  Overlord  
  96  5:31  Drone  
  96  5:38  Drone x2  
  96  5:39  Glial Reconstitution  
  96  5:40  Extractor  
  97  5:46  Overseer  
  97  5:48  Drone x3  
  97  5:49  Drone x4  
  104  5:51  Hatchery  
  104  5:56  Overlord  
  102  5:57  Zerg Missile Weapons Level 2  
  102  5:59  Evolution Chamber  
  102  6:01  Queen  
  102  6:03  Overlord  
  102  6:07  Roach x3  
  108  6:14  Overlord  
  108  6:15  Pneumatized Carapace  
  108  6:19  Roach x4  
  108  6:20  Overlord  
  108  6:23  Overlord  
  116  6:28  Zerg Ground Armor Level 1  
  116  6:30  Overlord  
  116  6:32  Roach x2  
  120  6:35  Roach  
  120  6:36  Roach  
  120  6:39  Roach x2  
  128  6:41  Overlord  
  128  6:45  Roach  
  128  6:46  Roach x2  
  134  6:47  Overseer  
  134  6:50  Ravager  
  134  6:51  Ravager, Roach  
  134  6:54  Overlord  
  138  6:56  Roach x3  
  138  6:59  Overlord  
  144  7:03  Roach x3  
  144  7:05  Ravager  
  151  7:10  Roach x3  
  151  7:13  Overlord x2  
  157  7:16  Overlord  
  157  7:19  Extractor  
  157  7:20  Roach x2  
  160  7:24  Roach x3  
  160  7:27  Roach x2  
  170  7:32  Roach x3  
  170  7:33  Overseer  
  176  7:37  Roach x2  
  176  7:38  Roach  
  176  7:43  Roach x2  
  176  7:44  Roach  
  188  7:49  Ravager x2  
  190  7:51  Roach  
  190  7:52  Roach x3  
  198  8:07  Infestation Pit  
  198  8:11  Burrow  
  197  8:14  Roach  
  197  8:17  Tunneling Claws  
  189  8:28  Roach x6  
  185  8:37  Roach x13  
  185  8:40  Roach  
  185  8:41  Roach x4  
  195  8:44  Roach x2  
  176  8:51  Roach  
  176  8:52  Roach x3  
  178  8:56  Roach x2  
  178  8:59  Ravager x2  
  182  9:05  Roach x4  
  162  9:18  Roach x7  
  159  9:27  Roach  
  159  9:28  Roach x5  
  159  9:29  Ravager  
  159  9:30  Ravager  
  169  9:32  Roach  
  169  9:35  Roach  
  169  9:36  Roach x2  
  177  9:41  Roach x3  
  177  9:45  Roach x2  
  167  9:53  Roach  
  167  9:54  Roach x4  
  167  9:58  Roach x3  
  179  10:01  Roach x5  
  179  10:04  Roach x5  
  161  10:09  Infestor x2  
  161  10:10  Roach  
  145  10:18  Roach x3  
  145  10:19  Roach x5  
  155  10:22  Roach x2  
  157  10:29  Roach x4  
  153  10:36  Roach x9  
  153  10:39  Roach  
  153  10:40  Roach  
  162  10:49  Roach  
  171  10:50  Roach x5  
  159  11:02  Roach x7  
  163  11:12  Roach x6  
  163  11:15  Roach  
  163  11:21  Roach x4  
  159  11:30  Roach  
  159  11:31  Roach x4  
  149  11:37  Roach x4  
  144  11:41  Roach x3  
  144  11:45  Roach x4  
  150  11:49  Ravager x6  
  150  11:52  Roach  
  150  11:53  Roach  
  160  11:57  Roach x3  
  160  11:59  Overlord  
  166  12:03  Overlord  
  166  12:06  Roach x2  
  164  12:18  Roach x7  
  164  12:20  Overlord  
  178  12:27  Roach x4  
  186  12:32  Roach x2  
  186  12:36  Roach x5  
  180  12:38  Roach x2  
  180  12:42  Roach  
  180  12:43  Roach x3  
  161  12:50  Roach x2  
  140  12:53  Roach x6  
  152  12:59  Roach x4  
  152  13:04  Roach x2  
  166  13:05  Ravager x3  
  166  13:06  Ravager  
  166  13:11  Roach x3  
  166  13:12  Roach  
  170  13:21  Roach x4  
  170  13:24  Ravager x3  
  179  13:31  Hatchery  
  178  13:35  Roach x2  
  178  13:36  Roach  
  184  13:42  Roach x3  
  190  13:49  Roach x4  
  198  13:56  Extractor  
  198  13:58  Spire  
  188  14:15  Roach x6  
  192  14:33  Roach  
  192  14:34  Roach x6  
  188  14:42  Roach x11  
  186  14:49  Roach x3  
  166  14:52  Roach x26  
  166  14:56  Roach x3  
  157  15:04  Roach  
  157  15:05  Roach x3  
  161  15:10  Roach x2  
  161  15:13  Roach  
  167  15:18  Roach x2  
  159  15:28  Mutalisk  
  159  15:29  Mutalisk x2  
  159  15:34  Mutalisk x2  
  159  15:35  Mutalisk  
  150  15:38  Mutalisk  
  150  15:40  Mutalisk  
  147  15:43  Mutalisk  
Show
View Real Time Build Order
Export as new Build Order

hinO Zerg 

Build Orders: Hatch First 

Get SALT Encoding   

  12  0:00  Drone  
  13  0:13  Overlord  
  13  0:16  Drone  
  14  0:31  Drone x2  
  16  0:49  Hatchery  
  15  0:51  Drone  
  15  0:55  Drone  
  17  0:59  Drone  
  18  1:08  Extractor  
  17  1:15  Spawning Pool  
  16  1:19  Drone  
  16  1:20  Drone  
  18  1:29  Drone  
  19  1:39  Overlord  
  19  1:50  Drone  
  20  2:01  Queen  
  20  2:02  Queen  
  20  2:03  Zergling x4  
  26  2:09  Metabolic Boost  
  26  2:13  Drone  
  26  2:15  Drone  
  28  2:22  Drone  
  29  2:23  Drone  
  30  2:33  Drone  
  30  2:35  Drone  
  32  2:43  Hatchery  
  31  2:47  Drone  
  31  2:48  Drone  
  33  2:53  Baneling Nest  
  33  2:55  Drone  
  33  2:58  Overlord  
  33  3:05  Drone  
  34  3:06  Drone  
  35  3:13  Zergling x2  
  35  3:17  Zergling x6  
  35  3:19  Evolution Chamber  
  38  3:23  Drone x3  
  41  3:28  Overlord  
  41  3:32  Drone  
  42  3:39  Drone  
  43  3:41  Baneling  
  43  3:42  Baneling x2  
  43  3:45  Drone  
  43  3:47  Extractor, Overlord  
  43  3:48  Extractor  
  42  3:49  Drone x2  
  44  3:59  Drone x3  
  44  4:00  Zerg Missile Weapons Level 1  
  44  4:01  Queen  
  49  4:07  Drone x3  
  52  4:14  Drone  
  52  4:16  Roach Warren  
  52  4:19  Drone x2  
  52  4:23  Drone x2  
  55  4:29  Drone x3  
  58  4:36  Overlord  
  58  4:38  Drone x3  
  61  4:42  Lair  
  61  4:46  Drone  
  61  4:47  Drone x2  
  61  4:50  Drone  
  61  4:51  Drone  
  66  4:54  Overlord  
  66  4:57  Drone  
  67  5:00  Drone  
  67  5:01  Drone x3  
  67  5:03  Drone x2  
  73  5:08  Overlord  
  73  5:09  Drone  
  73  5:10  Drone  
  74  5:15  Drone x2  
  74  5:17  Drone x2  
  74  5:18  Extractor  
  74  5:19  Extractor  
  76  5:24  Roach x2  
  80  5:30  Roach x5  
  80  5:34  Overlord  
  89  5:41  Glial Reconstitution  
  89  5:42  Overlord  
  89  5:49  Overlord  
  89  5:51  Hatchery  
  89  5:52  Ravager, Overlord  
  89  5:55  Roach  
  89  5:56  Roach x3  
  97  5:57  Zerg Missile Weapons Level 2  
  97  6:00  Roach x3  
  97  6:04  Overlord  
  103  6:07  Roach x3  
  109  6:13  Roach x4  
  117  6:19  Overlord  
  117  6:21  Ravager  
  117  6:22  Ravager  
  117  6:23  Roach x2  
  117  6:25  Roach x3  
  129  6:29  Ravager  
  129  6:31  Overlord x2  
  130  6:37  Overlord  
  130  6:42  Roach x3  
  130  6:43  Ravager  
  130  6:44  Ravager  
  138  6:48  Overlord x2  
  138  6:50  Roach x2  
  138  6:51  Roach x2  
  146  6:54  Ravager  
  146  6:56  Roach x2  
  146  6:59  Roach  
  146  7:00  Overlord  
  146  7:01  Overlord  
  153  7:05  Roach x3  
  159  7:08  Roach  
  159  7:09  Roach  
  159  7:14  Roach x4  
  171  7:17  Roach x2  
  171  7:21  Overlord  
  179  7:22  Roach x2  
  179  7:28  Roach x3  
  185  7:34  Roach x4  
  191  7:42  Roach x4  
  199  7:48  Overseer  
  198  7:56  Extractor  
  197  8:03  Roach  
  196  8:14  Roach  
  184  8:33  Roach x14  
  196  8:39  Roach x2  
  196  8:40  Roach x4  
  182  8:44  Roach x2  
  182  8:45  Roach x3  
  180  8:49  Roach x3  
  178  8:56  Roach  
  178  8:57  Roach x3  
  186  9:03  Roach  
  186  9:06  Roach x2  
  186  9:09  Roach  
  160  9:25  Roach x5  
  160  9:26  Ravager  
  160  9:29  Zerg Ground Armor Level 1, Roach  
  160  9:30  Roach x2  
  173  9:32  Burrow  
  173  9:33  Roach x3  
  173  9:36  Overlord  
  179  9:39  Roach x4  
  179  9:40  Zergling x6  
  179  9:44  Roach x2  
  176  9:56  Roach  
  176  9:57  Roach x3  
  176  9:59  Roach x4  
  178  10:01  Roach x4  
  161  10:08  Roach x3  
  161  10:09  Roach x2  
  161  10:13  Roach x2  
  147  10:19  Queen  
  147  10:20  Roach  
  147  10:21  Roach  
  145  10:25  Overseer  
  145  10:27  Roach x3  
  145  10:28  Roach  
  147  10:33  Roach x27  
  147  10:35  Roach x2  
  146  10:41  Spore Crawler x2  
  142  10:46  Roach x5  
  152  10:54  Roach x11  
  164  11:00  Drone x18  
  150  11:08  Roach x4  
  152  11:17  Roach  
  152  11:18  Roach x6  
  146  11:23  Roach x2  
  132  11:28  Roach x11  
  132  11:30  Roach x4  
  122  11:35  Roach x2  
  121  11:42  Overseer  
  121  11:44  Roach x4  
  129  11:49  Drone x3  
  129  11:53  Drone x2  
  129  11:54  Drone  
  135  11:57  Ravager  
  135  11:58  Ravager  
  135  12:00  Drone x2  
  138  12:01  Roach x2  
  138  12:05  Roach x2  
  146  12:09  Roach  
  146  12:10  Roach x2  
  146  12:15  Ravager  
  153  12:17  Roach  
  153  12:18  Roach  
  153  12:20  Drone x3  
  153  12:21  Drone  
  153  12:22  Extractor  
  160  12:26  Ravager  
  159  12:35  Roach x7  
  165  12:41  Roach  
  165  12:42  Roach x3  
  150  12:46  Roach x2  
  150  12:51  Roach x3  
  144  13:00  Roach x4  
  151  13:13  Ravager  
  151  13:14  Ravager x2  
  151  13:18  Drone x2  
  151  13:19  Drone x3  
  157  13:20  Roach x4  
  157  13:27  Roach x3  
  171  13:36  Roach x4  
  179  13:41  Roach x43  
  179  13:42  Roach x3  
  179  13:45  Roach  
  179  13:46  Roach x2  
  191  13:50  Roach x2  
  191  13:52  Overlord  
  191  13:55  Roach  
  189  14:10  Roach x5  
  189  14:12  Zergling x2  
  189  14:14  Tunneling Claws  
  198  14:26  Roach  
  194  14:38  Roach x14  
  195  14:41  Roach x2  
  184  14:48  Roach x4  
  157  14:54  Roach x3  
  143  15:00  Roach x4  
  143  15:06  Overseer  
  131  15:07  Ravager x4  
  131  15:10  Roach x2  
  138  15:15  Roach x2  
  138  15:16  Extractor, Roach x2  
  138  15:19  Roach x2  
  138  15:20  Roach x14  
  149  15:25  Roach x3  
  149  15:26  Roach x15  
  147  15:30  Roach  
  147  15:31  Roach  
  147  15:34  Roach x18  
  127  15:40  Roach x12  
  127  15:41  Roach x4  
  125  15:43  Roach x11  
  125  15:48  Roach x4  
  125  15:49  Roach x10  
Tags
 
Add a new tag
Caveats
  • Supply blocks, unpowered buildings, or Contaminate may cause inaccurate times.
  • Supply counts are checked every 10 seconds.